 Dungeon Crawl Stone Soup version 0.23-a0-612-gcb482e9 (webtiles) character file.

96 Borgoz the Skirmisher (level 4, -4/39 (40) HPs)
             Began as a Ghoul Abyssal Knight on Dec 22, 2018.
             Was a Believer of Lugonu.
             Slain by a river rat (6 damage)
             ... in a sewer.
             The game lasted 00:03:29 (1697 turns).

Borgoz the Skirmisher (Ghoul Abyssal Knight)        Turns: 1697, Time: 00:03:30

HP:   -4/39 (40)    AC:  3    Str: 15    XL:     4   Next: 67%
MP:   5/5           EV: 11    Int:  7    God:    Lugonu [**....]
Gold: 113           SH:  0    Dex:  9    Spells: 3/3 levels left

rFire    . . .     SeeInvis .   a - +1 hand axe
rCold    + . .     Gourm    .   (no shield)
rNeg     + + +     Faith    .   b - +0 leather armour
rPois    ∞         Spirit   .   (no helmet)
rElec    .         Reflect  .   (no cloak)
rCorr    .         Harm     .   (no gloves)
MR       .....                  (no boots)
Stlth    +.........             (no amulet)
HPRegen  0.00/turn              (no ring)
MPRegen  0.09/turn              (no ring)

@: rotting
A: rotting body, claws 1, carnivore, cold resistance 1, negative energy
resistance 3, inhibited regeneration, torment resistance, unbreathing
a: Depart the Abyss, Bend Space, Renounce Religion


You were in a sewer.
You worshipped Lugonu.
Lugonu was pleased with you.
You were not hungry.

You visited 1 branch of the dungeon, and saw 3 of its levels.
You visited the Abyss 1 time.
You also visited: Sewer.

You collected 113 gold pieces.

Inventory:

Hand Weapons
 a - a +1 hand axe (weapon)
Armour
 b - a +0 leather armour (worn)
Scrolls
 d - 2 scrolls of teleportation
 h - a scroll of identify
 j - a scroll of magic mapping
 k - a scroll of remove curse
Potions
 e - 3 potions of haste {unknown}
 f - a potion of lignification
 g - a potion of curing {unknown}
Comestibles
 c - 4 rations
 l - 10 chunks of flesh


   Skills:
 + Level 3.9 Fighting
 + Level 2.4 Axes
 + Level 2.4 Armour
 + Level 1.8 Dodging
 + Level 2.7 Invocations


You had 3 spell levels left.
You didn't know any spells.
Your spell library was empty.

Dungeon Overview and Level Annotations

Branches:
Dungeon (3/15)

Altars:
Uskayaw


Innate Abilities, Weirdness & Mutations

Your body is rotting away.
You thrive on raw meat.
You are immune to poison.
You have sharp fingernails.
You are carnivorous and can eat meat at any time.
Your flesh is cold resistant. (rC+)
You are immune to negative energy. (rN+++)
You do not regenerate when monsters are visible.
You are immune to unholy pain and torment.
You can survive without breathing.


Message History

The river rat bites you but does no damage.
The river rat closely misses you. x2
You feel your flesh rotting away. The river rat closely misses you.
You closely miss the river rat. You barely miss the river rat.
The river rat bites you.
The river rat bites you but does no damage.
The river rat bites you.
You are too injured to fight recklessly!
You are too injured to fight recklessly!
You are too injured to fight recklessly!
You hit the river rat.
The river rat is moderately wounded.
You completely miss the river rat. You hit the river rat.
The river rat bites you!
* * * LOW HITPOINT WARNING * * *
The river rat bites you!
* * * LOW HITPOINT WARNING * * *
The river rat bites you.
You die...

. ..
...####################
.....≈≈≈≈≈≈≈r@≈≈≈≈≈≈#.###
.....≈≈≈≈#rrrr≈≈≈≈≈≈≈...##
....≈≈≈≈r†#≈≈#≈≈≈≈≈≈≈....#
....≈≈≈r≈≈≈≈≈≈≈≈≈≈≈≈≈....#
#...≈≈≈≈≈≈≈≈≈≈≈≈≈≈≈≈≈....##
###..≈≈≈≈≈≈≈≈≈≈≈≈≈≈≈......#
####################....#
##...## ##...#


You could see 3 river rats and 4 rats.

Vanquished Creatures
  2 adders (D:2)
  2 river rats
  A worm (D:2)
  2 dart slugs (D:1)
  2 leopard geckos
  An orc (D:3)
  2 bats
  2 giant cockroaches (D:3)
  6 hobgoblins
  2 ball pythons
  4 frilled lizards
  3 goblins (D:1)
  11 kobolds
  16 rats
56 creatures vanquished.

Notes
Turn   | Place    | Note
-------+----------+-------------------------------------------
     0 | Abyss:1  | Borgoz the Ghoul Abyssal Knight began the quest for the
                  | Orb.
     0 | Abyss:1  | Reached XP level 1. HP: 19/19 MP: 1/1
    18 | Abyss:1  | Noticed a purple very ugly thing
    19 | D:1      | Escaped the Abyss
    26 | D:1      | Reached skill level 1 in Dodging
    63 | D:1      | Reached XP level 2. HP: 17/26 MP: 2/2
   483 | D:1      | Reached * piety under Lugonu
   850 | D:2      | Reached XP level 3. HP: 26/31 MP: 3/3
  1089 | D:2      | Reached XP level 4. HP: 32/40 MP: 4/4
  1518 | D:3      | Found a hide-covered altar of Uskayaw.
  1575 | D:3      | Found a glowing drain.
  1579 | D:3      | Reached ** piety under Lugonu
  1590 | Sewer    | Entered a sewer
  1697 | Sewer    | Slain by a river rat

Vault maps used:
D:1:      scummos_arrival_checkerplants, kennysheep_boxes
D:2:      first_ration, kennysheep_nondescript, eino_curves_01
D:3:      overflow_temple_1_default, portal_sewer_entry_b
Abyss:1:  hangedman_abyss_monster_moat
Sewer:    sewer_minmay_w

Skill      XL: |  1  2 |
---------------+-------+-----
Dodging        | 1 |  1.8
Armour         | 2 |  2.4
Axes           | 2 |  2.4
Fighting       | |  3.9
Invocations    | |  2.7

Action                   |  1- 3 |  4- 6 || total
-------------------------+-------+-------++-------
Melee: Hand axe          |   104 |    82 ||   186
Invok: Depart the Abyss  |     1 |       ||     1
  Use: Scroll            |     5 |     1 ||     6
       Potion            |       |     2 ||     2
  Eat: Chunk             |     9 |     3 ||    12
Armor: Leather armour    |    25 |    21 ||    46
Dodge: Dodged            |    71 |    53 ||   124

Table legend:
 A = Non-vault XP
 B = Vault XP
 C = Vault XP percentage of total XP
 D = Non-vault monster count
 E = Vault monster count
 F = Vault count percentage of total count
                 A         B        C        D         E       F
            +---------+---------+-------+---------+---------+-------
      Total |      98 |      40 |  29.0 |      43 |      13 |  23.2
            +---------+---------+-------+---------+---------+-------
        D:1 |      29 |       0 |   0.0 |      17 |       0 |   0.0
        D:2 |      63 |       0 |   0.0 |      23 |       0 |   0.0
        D:3 |       6 |      18 |  75.0 |       3 |       4 |  57.1
      Sewer |       0 |      22 | 100.0 |       0 |       9 | 100.0
            +---------+---------+-------+---------+---------+-------
